AoeStats
← King PbZER4

Arabia

507575855Analyzed
1v1 RM · 13d ago on Sep 18, 2026· 46m 31s· 2 players
Game mode
Random Map
Map size
Tiny (2 player)
Population
200
Speed
Normal
Resources
Standard
Victory
Conquest
Starting age
Dark Age
Ending age
Imperial Age
RankedLock teamsTeams togetherTeam positionsShared explorationLock speedFull tech treeHidden civsTurbo modeCheats
Victory
Defeat
🇦🇷 Spanish · Argentina
1160
+16
🇲🇽 Dravidians · Mexico
1164
-16
King PbZER4
5:06 Loom
9:45 Feudal Age
10:18 Double-Bit Axe
16:46 Scale Barding Armor
22:47 Castle Age
21:51 Forging
22:55 Bloodlines
25:45 Chain Barding Armor
28:25 Horse Collar
31:50 Wheelbarrow
32:06 Iron Casting
32:40 Husbandry
33:29 Bow Saw
36:35 Heavy Plow
37:56 Hand Cart
41:35 Imperial Age
39:51 Gold Mining
40:39 Hand Cart
42:38 Stone Mining
42:11 Cavalier
43:29 Plate Barding Armor
43:54 Blast Furnace
43:54 Paladin
45:46 Conscription
Kuroi Kuchi
6:17 Loom
9:16 Feudal Age
9:50 Double-Bit Axe
9:57 Town Watch
16:39 Fletching
20:10 Wheelbarrow
22:14 Castle Age
22:27 Padded Archer Armor
22:31 Gold Mining
22:18 Crossbowman
23:08 Bodkin Arrow
26:19 Ballistics
28:15 Leather Archer Armor
30:13 Pikeman
32:12 Scale Mail Armor
37:29 Horse Collar
39:16 Thumb Ring
42:13 Imperial Age
41:26 Squires
44:40 Bracer
46:05 Thumb Ring
45:48 Halberdier
Connection lost

Rejoining the realm…

Still unreachable

The connection could not be restored.

Session expired

The server has moved on; the page needs a fresh start.